 Dungeon Crawl Stone Soup version 0.21.1-1-g345015f (webtiles) character file.

90089 shitimlost the Covert (level 15, -14/119 HPs)
             Began as a Vampire Assassin on Feb 11, 2018.
             Was a Believer of Uskayaw.
             Demolished by an orc warlord
             ... wielding a +2 great mace of protection
              (30 damage)
             ... on level 2 of the Orcish Mines on Feb 12, 2018.
             The game lasted 02:25:23 (30902 turns).

shitimlost the Covert (Vampire Assassin)           Turns: 30902, Time: 02:25:23

Health: -14/119    AC: 15    Str: 17    XL:     15   Next: 51%
Magic:  13/20      EV: 17    Int: 21    God:    Uskayaw [**....]
Gold:   584        SH: 12    Dex: 27    Spells: 4/14 levels left

rFire    + . .     SeeInvis +   X - +9 falchion "Fazewo" {slice, +Rage MR+ Dex+4}
rCold    . . .     Gourm    .   w - +0 shield
rNeg     + . .     Faith    +   L - +3 scale mail {MR+}
rPois    .         Spirit   .   s - +2 helmet {Int+3}
rElec    .         Reflect  .   a - +1 cloak of Submission {rF+ Regen+ Str+2 Int+4}
rCorr    .         Harm     .   (no gloves)
MR       +++..                  (no boots)
Stlth    ++++++....             T - amulet of faith
HPRegen  0.69/turn              D - ring of stealth
MPRegen  0.17/turn              f - +6 ring of dexterity

@: no status effects
A: fangs 3, see invisible, unbreathing
a: Bat Form, Stomp, Line Pass, Renounce Religion, Evoke Berserk Rage


You were on level 2 of the Orcish Mines.
You worshipped Uskayaw.
Uskayaw was noncommittal.
You were not thirsty.

You visited 4 branches of the dungeon, and saw 24 of its levels.
You also visited: Labyrinth and Ossuary.

You collected 1664 gold pieces.
You spent 1080 gold pieces at shops.

Inventory:

Hand Weapons
 b - a +0 blowgun
 c - a +7 quick blade
 X - the +9 falchion "Fazewo" (weapon) {slice, +Rage MR+ Dex+4}
   (You found it on level 14 of the Dungeon)

   It inflicts extra damage upon your enemies.
   It affects your dexterity (+4).
   It affects your resistance to hostile enchantments.
   It lets you go berserk.
Missiles
 h - 27 tomahawks (quivered)
 l - a curare-tipped needle {!f}
 y - 6 needles of sleeping
 A - 4 needles of paralysis
 J - 8 javelins of penetration
 M - 16 poisoned needles
 Z - 2 throwing nets
Armour
 a - the +1 cloak of Submission (worn) {rF+ Regen+ Str+2 Int+4}
   (You found it on level 4 of the Lair of Beasts)

   It affects your strength (+2).
   It affects your intelligence (+4).
   It protects you from fire.
   It increases your rate of regeneration.
 s - a +2 helmet of intelligence (worn)
 u - a +0 chain mail of cold resistance
 w - a +0 shield (worn)
 L - a +3 scale mail of magic resistance (worn)
Jewellery
 e - an uncursed amulet of regeneration
 f - a +6 ring of dexterity (right hand)
 D - a ring of stealth (left hand)
 H - an uncursed ring of protection from fire
 S - an uncursed ring of protection from cold
 T - an amulet of faith (around neck)
Wands
 d - a wand of iceblast (12)
 t - a wand of flame (187)
 v - a wand of digging (6)
 I - a wand of clouds (3)
 R - a wand of scattershot (2)
 V - a wand of paralysis (56)
Scrolls
 n - 3 scrolls of enchant armour
 p - 6 scrolls of remove curse {@r2}
 x - 5 scrolls of teleportation {@r4}
 B - 5 scrolls of identify
 K - a scroll of fear
 N - 2 scrolls of fog
 O - a scroll of summoning
 P - a scroll of magic mapping
 W - 3 scrolls of silence
 Y - 3 scrolls of blinking
Potions
 g - 3 potions of heal wounds {@q2}
 j - 2 potions of resistance
 k - 6 potions of brilliance
 m - a potion of cancellation
 o - 8 potions of haste {@q3}
 q - 66 potions of blood {@q0}
 r - 6 potions of ambrosia
 z - 2 potions of magic
 E - a potion of curing
 F - 4 potions of mutation {!q}
 Q - a potion of invisibility
Miscellaneous
 i - a lamp of fire
 C - a phial of floods
 G - a lightning rod (2/4)


   Skills:
 + Level 11.4 Fighting
 - Level 10.0(11.3) Short Blades
 + Level 8.2(10.0) Long Blades
 - Level 5.5 Throwing
 - Level 3.7 Armour
 - Level 10.3 Dodging
 + Level 13.7 Stealth
 + Level 8.0 Shields
 - Level 9.8 Hexes
 - Level 6.5 Translocations
 - Level 7.2 Invocations
 - Level 6.5 Evocations


You had 4 spell levels left.
You knew the following spells:

 Your Spells              Type           Power        Failure   Level  Hunger
a - Confusing Touch       Hex            #####.       2%          1    ##.....
b - Blink                 Tloc           N/A          14%         2    ###....
c - Slow                  Hex            #####...     3%          2    ###....
d - Apportation           Tloc           ####..       10%         1    ##.....
e - Corona                Hex            #####..      2%          1    ##.....
f - Tukima's Dance        Hex            #####...     8%          3    ####...


Dungeon Overview and Level Annotations

Branches:
Dungeon (15/15)            Temple (1/1) D:7            Lair (6/6) D:10
 Shoals (0/4) Lair:2       Spider (0/4) Lair:2        Slime (0/5) Lair:6
    Orc (2/2) D:12         Vaults (0/5) D:14         Depths (0/5) D:15
    Elf: Orc:2

Altars:
Ashenzari
Cheibriados
Dithmenos
Elyvilon
Fedhas
Gozag
Hepliaklqana
Makhleb
Nemelex Xobeh
Qazlal
Ru
Sif Muna
Trog
Uskayaw
Vehumet
Wu Jian
Xom
Zin
Beogh
Jiyva

Shops:
D:4 =   D:12 }   D:15 ?   Orc:2 =

Portals:
Trove: D:12 (give 8 potions of haste)

Annotations:
D:6 Arya's ghost, novice DsGl
D:13 Frances
D:14 exclusion: Roxanne, Roxanne


Innate Abilities, Weirdness & Mutations

You have razor-sharp teeth.
You have supernaturally acute eyesight. (SInv)
You can survive without breathing.


Message History

Yummy - fresh blood!
The orc warlord hits you with a great mace of protection!!
* * * LOW HITPOINT WARNING * * *
The orc priest hits you with a hand axe.
* * * LOW HITPOINT WARNING * * *
Uskayaw prepares the audience for your solo!
The helpless orc warlord fails to defend itself.
You slash the orc warlord!
The orc warlord is moderately wounded.
The orc warlord is no longer paralysed.
You feel much better.
The orc warlord hits you with a great mace of protection!!
* * * LOW HITPOINT WARNING * * *
Okay, then.
Aiming: Line Pass
Press: ? - help, Dir - move target cursor The orc warlord appears confused.
You feel somewhat more thirsty.
The orc priest is no longer paralysed.
The orc warlord hits you with a great mace of protection!!
You die...

)##......##.......##..
)......###.........###
))...###.....8.8.....#
...###...............
.####.......)........
## ........#)))#... #
.......##8[8##..
....####...o.### .##
#....o@.# #.........#
#..8._.8..#
#.........#
##.......## ##.....##
##8.8## #####


You could see an orc warlord (confused) and an orc priest.

Vanquished Creatures
  A dire elephant (Lair:6)
  A minotaur (Lab)
  Snorg (D:10)
  A yaktaur captain (D:15)
  Josephine (D:10)
  Erolcha (D:9)
  8 vault guards (D:14)
  6 hydras
  Harold (Lair:1)
  A merfolk avatar (Lair:6)
  6 two-headed ogres
  3 centaur warriors
  A catoblepas (Lair:4)
  2 tengu warriors
  An orc high priest (Orc:2)
  A sea snake (Lair:6)
  A harpy (Lair:6)
  2 deep elf magi
  2 manticores
  11 ugly things
  3 cyclopes
  A salamander (shapeshifter) (D:15)
  17 elephants
  A torpor snail (Lair:3)
  Maurice (D:10)
  12 black mambas
  Joseph (D:10)
  10 spiny frogs
  A centaur skeleton (D:14)
  A gargoyle (D:15)
  3 rime drakes
  9 komodo dragons
  A kobold demonologist (D:12)
  A yaktaur (D:15)
  A redback zombie (D:15)
  A rime drake (shapeshifter) (D:13)
  A freezing wraith (D:14)
  5 trolls
  4 polar bears
  2 queen bees
  3 hornets
  4 jumping spiders (Lair:2)
  12 blink frogs
  Prince Ribbit (D:5)
  4 dream sheep (Lair:4)
  10 hippogriffs
  6 redbacks
  4 wyverns
  2 shadows
  A meliai zombie (D:14)
  Sigmund (D:3)
  2 water elementals (D:12)
  2 vampires (D:12)
  A spriggan (Lair:3)
  5 wraiths
  3 fire bats (Lair:1)
  2 basilisks
  33 yaks
  Eustachio (D:5)
  2 hungry ghosts
  Menkaure (Ossuary)
  2 steam dragons (D:12)
  4 vampire mosquitoes (D:15)
  2 wargs
  23 water moccasins
  Duvessa (D:5)
  Purgy (D:3)
  3 sky beasts
  7 porcupines
  21 orc warriors
  A meliai simulacrum (D:15)
  A hornet zombie (D:15)
  3 ice beasts (D:10)
  An eye of draining (shapeshifter) (D:15)
  8 phantoms
  2 necrophages
  12 ogres
  8 centaurs
  8 wolves (Lair:2)
  13 crocodiles
  17 bullfrogs
  An elf zombie (Ossuary)
  3 big kobolds
  Blork the orc (D:6)
  A wyvern zombie (D:6)
  A water moccasin zombie (D:10)
  A hornet simulacrum (D:14)
  4 scorpions
  A wyvern skeleton (D:12)
  Dowan (D:5)
  74 killer bees
  8 wights (D:11)
  2 electric eels (D:12)
  A howler monkey (D:12)
  2 quasits
  A bullfrog zombie (D:8)
  A lava snake (D:12)
  6 centaur zombies
  9 crimson imps
  A human zombie (Ossuary)
  20 orc priests
  6 hounds
  8 jellies
  25 orc wizards
  Ijyb (D:3)
  4 bullfrog skeletons
  5 iguanas
  Terence (D:2)
  13 worker ants
  A hell rat (Lair:2)
  A big kobold zombie (Ossuary)
  2 ogre zombies (Ossuary)
  2 hound skeletons
  6 mummies (Ossuary)
  2 worker ant zombies
  12 gnolls
  9 adders
  2 shadow imps
  7 oozes
  3 adder skeletons
  7 adder zombies
  A worm (D:3)
  3 dart slugs
  A leopard gecko (D:4)
  89 orcs
  2 ball pythons
  2 giant cockroaches
  4 goblins
  6 hobgoblins
  9 jackals
  22 kobolds
  3 quokkas
  15 bats
  5 frilled lizards
  2 goblin zombies (Ossuary)
  3 hobgoblin zombies (Ossuary)
  A jackal skeleton (D:7)
  3 kobold zombies (Ossuary)
  4 quokka zombies (Ossuary)
  4 rats
  4 rat zombies (Ossuary)
805 creatures vanquished.

Vanquished Creatures (collateral kills)
  A killer bee (D:9)
1 creature vanquished.

Vanquished Creatures (others)
  A fire giant (D:15)
  A dancing weapon (D:15)
  A hound (D:12)
  An orc (D:12)
  8 fungi
  8 plants
20 creatures vanquished.

Grand Total: 826 creatures vanquished

Notes
Turn   | Place    | Note
-------+----------+-------------------------------------------
     0 | D:1      | shitimlost the Vampire Assassin began the quest for the Orb.
     0 | D:1      | Reached XP level 1. HP: 16/16 MP: 1/1
   131 | D:1      | Reached skill level 6 in Stealth
   167 | D:1      | Reached XP level 2. HP: 22/22 MP: 2/2
   561 | D:2      | Noticed Terence
   575 | D:2      | Killed Terence
   575 | D:2      | Reached XP level 3. HP: 19/27 MP: 3/3
   771 | D:2      | Found a snail-covered altar of Cheibriados.
   884 | D:2      | Found a glowing silver altar of Zin.
   884 | D:2      | Found a bloodstained altar of Trog.
  1254 | D:3      | Reached XP level 4. HP: 23/34 MP: 4/4
  1510 | D:3      | Noticed Purgy
  1548 | D:3      | Noticed Ijyb
  1559 | D:3      | Noticed Sigmund
  2098 | D:3      | Killed Purgy
  2098 | D:3      | Reached XP level 5. HP: 22/40 MP: 5/5
  2200 | D:3      | Killed Sigmund
  2200 | D:3      | Reached skill level 7 in Stealth
  2200 | D:3      | Reached XP level 6. HP: 47/47 MP: 6/6
  2224 | D:3      | Killed Ijyb
  2271 | D:4      | Found a white marble altar of Elyvilon.
  2303 | D:4      | Learned a level 1 spell: Confusing Touch
  2323 | D:4      | Found Emnal's Jewellery Emporium.
  2346 | D:4      | Noticed a sky beast
  2360 | D:4      | Killed a sky beast
  2360 | D:4      | Reached skill level 1 in Hexes
  2450 | D:4      | Reached XP level 7. HP: 52/52 MP: 7/7
  2470 | D:4      | Found a sacrificial altar of Ru.
  2533 | D:4      | Found a shadowy altar of Dithmenos.
  2657 | D:4      | Found a radiant altar of Vehumet.
  2822 | D:4      | Found a sand-covered staircase.
  2833 | Ossuary  | Entered an ossuary
  2946 | Ossuary  | Reached skill level 8 in Stealth
  3113 | Ossuary  | Noticed Menkaure
  3530 | Ossuary  | Killed Menkaure
  3530 | Ossuary  | Reached XP level 8. HP: 46/60 MP: 8/8
  3720 | D:5      | Entered Level 5 of the Dungeon
  3778 | D:5      | Noticed Eustachio
  3834 | D:5      | Reached skill level 5 in Short Blades
  4454 | D:5      | Noticed Duvessa
  4456 | D:5      | Noticed Dowan
  4575 | D:5      | Noticed Prince Ribbit
  4796 | D:5      | Found a shattered altar of Ashenzari.
  4841 | D:5      | Reached skill level 9 in Stealth
  4907 | D:5      | Killed Prince Ribbit
  4907 | D:5      | Reached skill level 5 in Dodging
  5073 | D:5      | Killed Eustachio
  5073 | D:5      | Reached skill level 5 in Hexes
  5469 | D:5      | Killed Dowan
  5999 | D:5      | Killed Duvessa
  5999 | D:5      | Reached XP level 9. HP: 49/67 MP: 9/9
  6398 | D:6      | Noticed Arya's ghost (novice DsGl)
  6508 | D:6      | Reached skill level 5 in Fighting
  6693 | D:6      | Noticed Blork the orc
  6721 | D:6      | Killed Blork the orc
  6721 | D:6      | Reached skill level 10 in Stealth
  6918 | D:6      | Reached skill level 1 in Shields
  7856 | D:7      | Found a staircase to the Ecumenical Temple.
  7890 | Temple   | Entered the Ecumenical Temple
  7909 | Temple   | Became a worshipper of Uskayaw the Reveler
  7930 | D:7      | Reached * piety under Uskayaw
  7938 | D:7      | Reached ** piety under Uskayaw
  7953 | D:7      | Reached *** piety under Uskayaw
  8060 | D:7      | Reached **** piety under Uskayaw
  8142 | D:7      | Reached skill level 5 in Throwing
  9746 | D:8      | Reached XP level 10. HP: 76/76 MP: 10/10
  9792 | D:8      | Reached skill level 11 in Stealth
  9821 | D:8      | Identified a scroll of acquirement
 10362 | D:8      | Learned a level 2 spell: Blink
 10444 | D:9      | Identified the Papyrus of Envenoming and Combat Magic
 10448 | D:9      | Learned a level 2 spell: Slow
 10504 | D:9      | Reached skill level 1 in Invocations
 10506 | D:9      | Reached ***** piety under Uskayaw
 10527 | D:9      | Reached skill level 1 in Translocations
 11164 | D:9      | Noticed Erolcha
 11171 | D:9      | Killed Erolcha
 11574 | D:9      | Reached XP level 11. HP: 77/83 MP: 11/13
 12102 | D:9      | Found a viscous altar of Jiyva.
 12144 | D:10     | Entered Level 10 of the Dungeon
 12145 | D:10     | Found a staircase to the Lair.
 12145 | D:10     | Noticed Joseph
 12183 | D:10     | Killed Joseph
 12206 | D:10     | Reached skill level 1 in Evocations
 12604 | D:10     | Noticed Snorg
 12617 | D:10     | Killed Snorg
 12734 | D:10     | Noticed Josephine
 12737 | D:10     | Noticed Maurice
 12793 | Lair:1   | Entered Level 1 of the Lair of Beasts
 12851 | Lair:1   | Reached ****** piety under Uskayaw
 12885 | Lair:1   | Learned a level 1 spell: Apportation
 12972 | Lair:1   | Got a pitted ring mail
 12983 | Lair:1   | Identified the +4 ring mail of the Gardener {+Blink rC+ Str-5} (You found it on level 1 of the Lair of Beasts)
 13211 | Lair:1   | Noticed Harold
 13234 | Lair:1   | Killed Harold
 13755 | Lair:1   | Reached XP level 12. HP: 35/92 MP: 15/15
 14258 | Lair:2   | Reached skill level 5 in Invocations
 14313 | Lair:2   | Noticed a seven-headed hydra
 14861 | Lair:2   | Found a staircase to the Shoals.
 14893 | Lair:2   | Found a hole to the Spider Nest.
 14905 | Lair:2   | Reached skill level 5 in Translocations
 15161 | Lair:2   | Reached skill level 10 in Short Blades
 15268 | Lair:2   | Reached skill level 10 in Dodging
 15291 | Lair:2   | Got an uncursed warped flail {crush}
 15292 | Lair:2   | Identified the +9 flail of Expedience {crush, rPois rN+} (You took it off a centaur on level 2 of the Lair of Beasts)
 15702 | Lair:2   | Got a bloodstained robe
 15713 | Lair:2   | Identified the +1 robe "Pupatiumm" {SInv} (You found it on level 2 of the Lair of Beasts)
 16326 | Lair:3   | Reached skill level 5 in Evocations
 17044 | Lair:4   | Noticed a six-headed hydra
 17058 | Lair:4   | Killed a six-headed hydra
 17058 | Lair:4   | Reached XP level 13. HP: 100/100 MP: 17/17
 17558 | Lair:4   | Reached skill level 1 in Long Blades
 17558 | Lair:4   | Reached skill level 1 in Armour
 17632 | Lair:4   | Got a slimy cloak
 17643 | Lair:4   | Identified the +1 cloak of Submission {rF+ Regen+ Str+2 Int+4} (You found it on level 4 of the Lair of Beasts)
 18469 | Lair:5   | Found a labyrinth entrance.
 18478 | Lab      | Entered a labyrinth
 19245 | Lab      | Noticed a minotaur
 19267 | Lab      | Killed a minotaur
 19286 | Lab      | Identified Sif Muna's Collected Works on the Snowflakes and the Birds
 19384 | Lair:5   | Reached skill level 12 in Stealth
 20070 | Lair:1   | Learned a level 1 spell: Corona
 20074 | Lair:1   | Learned a level 3 spell: Tukima's Dance
 20381 | D:10     | Killed Maurice
 22425 | D:12     | Reached XP level 14. HP: 91/109 MP: 19/19
 22707 | D:12     | Found a shimmering altar of Xom.
 23218 | D:12     | Found a staircase to the Orcish Mines.
 23294 | D:12     | Found Yseriozu's Gadget Shop.
 23302 | D:12     | Bought a lightning rod (4/4) for 520 gold pieces
 23427 | D:12     | Found a portal to a secret trove of treasure.
 23599 | D:13     | Noticed Frances
 24605 | D:14     | Reached skill level 5 in Shields
 24851 | D:14     | Reached skill level 10 in Fighting
 24976 | D:14     | Got a shimmering falchion
 24977 | D:14     | Identified the +9 falchion "Fazewo" {slice, +Rage MR+ Dex+4} (You found it on level 14 of the Dungeon)
 25036 | D:14     | Reached skill level 5 in Long Blades
 25099 | D:14     | Noticed Roxanne
 25129 | D:14     | Found a gate to the Vaults.
 26004 | D:15     | Entered Level 15 of the Dungeon
 26464 | D:15     | Found Voozxonere's Magic Scroll Boutique.
 26584 | D:15     | Bought a scroll of teleportation for 48 gold pieces
 26584 | D:15     | Bought a scroll of fog for 32 gold pieces
 26619 | D:15     | Noticed a fire giant
 26640 | D:15     | Killed a fire giant
 27753 | D:15     | Found a staircase to the Depths.
 27769 | D:15     | Reached XP level 15. HP: 117/117 MP: 20/20
 28210 | Lair:6   | Entered Level 6 of the Lair of Beasts
 28392 | Lair:6   | Found a staircase to the Slime Pits.
 28392 | Lair:6   | Found a viscous altar of Jiyva.
 28783 | Lair:6   | Got an ichor-stained hand crossbow
 28784 | Lair:6   | Identified the +4 hand crossbow "Zoibb" {flame, rElec Str+5} (You found it on level 6 of the Lair of Beasts)
 28834 | Lair:6   | Reached skill level 13 in Stealth
 30015 | D:10     | Killed Josephine
 30090 | Orc:1    | Entered Level 1 of the Orcish Mines
 30354 | Orc:2    | Entered Level 2 of the Orcish Mines
 30621 | Orc:2    | Found Doseeteh's Jewellery Shop.
 30651 | Orc:2    | Bought an uncursed amulet of faith for 480 gold pieces
 30861 | Orc:2    | Found a roughly hewn altar of Beogh.
 30865 | Orc:2    | Noticed an orc warlord
 30902 | Orc:2    | Demolished by an orc warlord

Skill      XL: |  1  2  3  4  5  6  7  8  9 10 11 12 13 14 15 |
---------------+----------------------------------------------+-----
Stealth        | 6 7 8 9 10 11 12 13 | 13.7
Fighting       | 2 3 4 5 6 7 8 9 10 11 | 11.4
Throwing       | 2 3 4 5 |  5.5
Dodging        | 2 3 4 5 6 7 9 10 | 10.3
Short Blades   | 3 4 5 6 8 9 10 | 10.0
Hexes          | 1 3 5 9 |  9.8
Shields        | 2 4 6 8 |  8.0
Invocations    | 2 4 6 7 |  7.2
Translocations | 2 4 5 6 |  6.5
Evocations     | 3 5 6 |  6.5
Long Blades    | 3 6 8 |  8.2
Armour         | 3 |  3.7

Action                   |  1- 3 |  4- 6 |  7- 9 | 10-12 | 13-15 || total
-------------------------+-------+-------+-------+-------+-------++-------
Melee: Dagger            |    64 |    57 |   570 |    34 |       ||   725
       Bite              |     6 |     3 |    70 |   151 |   314 ||   544
       Unarmed           |       |     1 |       |       |       ||     1
       Rapier            |       |       |    48 |     4 |       ||    52
       Quick blade       |       |       |       |  1221 |   947 ||  2168
       Flail             |       |       |       |    15 |       ||    15
       Demon blade       |       |       |       |       |    47 ||    47
       Falchion          |       |       |       |       |   694 ||   694
 Fire: Blowgun           |    14 |    13 |    28 |    10 |    78 ||   143
Throw: Tomahawk          |       |       |     6 |     1 |    32 ||    39
       Throwing net      |       |       |       |     1 |     1 ||     2
 Cast: Confusing Touch   |       |     1 |     1 |       |       ||     2
       Blink             |       |       |       |     3 |     1 ||     4
       Apportation       |       |       |       |     1 |       ||     1
       Corona            |       |       |       |       |    11 ||    11
       Slow              |       |       |       |       |     8 ||     8
       Tukima's Dance    |       |       |       |       |     1 ||     1
Invok: Line Pass         |       |       |     2 |     4 |     5 ||    11
       Stomp             |       |       |       |     2 |     2 ||     4
       Grand Finale      |       |       |       |       |     3 ||     3
 Abil: End Transformatio |       |     2 |    10 |     2 |     4 ||    18
       Bat Form          |       |     2 |    10 |     2 |     4 ||    18
Evoke: Wand              |       |       |     9 |    16 |    15 ||    40
       Lightning rod     |       |       |       |       |    10 ||    10
  Use: Potion            |       |     3 |    24 |    20 |    43 ||    90
       Scroll            |       |       |    24 |     9 |    13 ||    46
 Stab: Sleeping          |     9 |    10 |    32 |    30 |    28 ||   109
       Distracted        |       |     1 |     1 |     4 |     2 ||     8
       Invisible         |       |       |     1 |       |       ||     1
       Paralysed         |       |       |     6 |    43 |   108 ||   157
       Confused          |       |       |     1 |     5 |     4 ||    10
Armor: Robe              |    19 |     4 |       |       |       ||    23
       Troll leather arm |       |     7 |    31 |       |       ||    38
       Leather armour    |       |       |    59 |   104 |    16 ||   179
       Scale mail        |       |       |       |       |   268 ||   268
Dodge: Dodged            |    44 |    35 |   300 |   446 |   650 ||  1475
       Deflected         |       |       |       |     7 |       ||     7
Block: Buckler           |       |       |    53 |   196 |    60 ||   309
       Shield            |       |       |       |       |   525 ||   525
       Rpst.: Demon blade |       |       |       |       |     8 ||     8
       Falchion          |       |       |       |       |    75 ||    75
